 Dungeon Crawl Stone Soup version 0.31.0-12-g77e489cdc1 (webtiles) character file.

Game seed: 14300933556463141324

406 Killerpretzel the Changeling (level 6, -6/42 HPs)
             Began as an Octopode Shapeshifter on Mar 2, 2024.
             Mangled by a gnoll bouda
             ... wielding a +0 whip
              (9 damage)
             ... on level 6 of the Dungeon.
             The game lasted 00:04:17 (2317 turns).

Killerpretzel the Changeling (OpSh)                 Turns: 2317, Time: 00:04:18

Health: -6/42      AC:  1    Str: 13    XL:     6   Next: 87%
Magic:  6/6        EV: 15    Int: 13    God:
Gold:   129        SH:  0    Dex: 19    Spells: 5/5 levels left

rFire   . .          .
                       - Unarmed
rCold   . . .        (no shield)
rNeg    . . .        (helmet currently unavailable)
rPois   .            (no amulet)
rElec   .            f - +6 ring of dexterity
rCorr   .            (no ring)
SInv    .            (no ring)
Will    .....        (no ring)
Stlth   +++          (no ring)
HPRegen 0.27/turn    (no ring)
MPRegen 0.10/turn    (no ring)
                     (no ring)

%: no passive effects
@: beast-form
A: beast (slay +2), almost no armour, amphibious, 8 rings, camouflage 1,
gelatinous body 1, (nimble swimmer 1), tentacles
a: Begin Untransformation


You were on level 6 of the Dungeon.
You were a hulking beast.
You visited 2 branches of the dungeon, and saw 6 of its levels.
You also visited: Sewer.

You collected 129 gold pieces.

Inventory:

Armour
 i - an orb of light
Jewellery
 e - a ring of ice
 f - a +6 ring of dexterity (left tentacle)
Talismans
 b - a beast talisman
 c - a flux talisman
Wands
 r - a wand of digging (6)
Scrolls
 h - a scroll of blinking {unknown}
 m - 2 scrolls of teleportation
 n - a scroll of enchant weapon
Potions
 a - a potion of lignification
 d - 4 potions of attraction
 g - a potion of heal wounds
 j - 2 potions of enlightenment
 k - a potion of haste
 l - a potion of cancellation {unknown}
 s - a potion of resistance {unknown}


   Skills:
 + Level 3.0 Fighting
 + Level 3.5 Dodging
 + Level 4.2 Unarmed Combat
 * Level 4.9 Shapeshifting


You had 5 spell levels left.
You didn't know any spells.
Your spell library contained the following spells:

 Spells                   Type           Power      Damage    Failure   Level
 Summon Ice Beast         Ice/Summ       0%         N/A       67%         3
 Summon Mana Viper        Hex/Summ       0%         N/A       100%        5
 Monstrous Menagerie      Summ           0%         N/A       100%        7


Dungeon Overview and Level Annotations

Branches:
Dungeon (6/15)             Temple (1/1) D:4           Sewer (visited)

Altars:
Cheibriados
Elyvilon
Fedhas
Gozag
Hepliaklqana
Nemelex Xobeh
Okawaru
Sif Muna
Uskayaw
Wu Jian
Xom
Yredelemnul
Zin


Innate Abilities, Weirdness & Mutations

You are a hulking beast.
Your limbs bulge with bestial killing power. (Slay +2)
You cannot wear most types of armour.
You are amphibious.
You can wear up to eight rings at the same time.
Your skin changes colour to match your surroundings (Stealth+).
Your rubbery body absorbs attacks. (AC +1, EV +1)
((You are camouflaged when in or above water. (Stealth+)))
You have tentacles for arms and can constrict up to eight enemies at once.


Message History

The gnoll bouda is lightly wounded.
You constrict the gnoll bouda, but do no damage.
The gnoll bouda misses you. The gnoll hits you with a +0 whip!
You tentacle-slap the gnoll bouda. You squeeze the gnoll bouda.
The gnoll bouda is moderately wounded.
You constrict the gnoll bouda. The gnoll bouda barely misses you.
The gnoll barely misses you.
You tentacle-slap the gnoll bouda. You squeeze the gnoll bouda.
The gnoll bouda is severely wounded.
You constrict the gnoll bouda, but do no damage.
The gnoll bouda closely misses you. The gnoll barely misses you.
The gnoll hits you with a +0 whip!
You tentacle-slap the gnoll bouda but do no damage.
The gnoll bouda is severely wounded.
You constrict the gnoll bouda, but do no damage.
The gnoll bouda mumbles some strange prayers to its god.
The gnoll bouda is healed somewhat.
The gnoll closely misses you.
You release your grip on the gnoll bouda.
Your attacks no longer feel as feeble.
The gnoll misses you. x2
There is an escape hatch in the floor here.
The gnoll hits you with a +0 club.
You slide downwards.
The hatch slams shut behind you.
The white imp shouts, "Return whence thou came, thou qualling saucy bum-bailey!"
You tentacle-slap the gnoll bouda but do no damage.
You grab the gnoll bouda.
The gnoll bouda is heavily wounded.
You constrict the gnoll bouda. The gnoll hits you with a +0 club.
The gnoll bouda hits you with a +0 whip!
* * * LOW HITPOINT WARNING * * *
You tentacle-slap the gnoll bouda.
You squeeze the gnoll bouda, but do no damage.
The gnoll bouda is severely wounded.
You constrict the gnoll bouda. The white imp gestures at you.
The puff of frost hits you.
* * * LOW HITPOINT WARNING * * *
The gnoll barely misses you.
The gnoll bouda hits you with a +0 whip!
You die...

....#####
#.......#
#........
.#.......#
.........###
...........####
.....$g........
#.h...#
#.....g.###
#.##....#
#.#.## #....
..... .5 ...
#####...


You could see a gnoll bouda, a gnoll (swift) and a white imp.

Vanquished Creatures
  A black bear (D:4)
  A brain worm (Sewer)
  An orc priest (D:4)
  A jelly (D:4)
  A sleepcap (D:4)
  An orc wizard (D:4)
  2 adders
  A gnoll (D:5)
  2 river rats (Sewer)
  3 ribbon worms
  4 dart slugs
  6 orcs (D:4)
  2 endoplasms
  6 giant cockroaches
  7 hobgoblins
  7 jackals
  2 kobolds
  9 quokkas
  3 ball pythons
  12 bats
  3 frilled lizards
  2 goblins
  3 rats (D:1)
80 creatures vanquished.

Vanquished Creatures (others)
  A butterfly (D:4)
1 creature vanquished.

Grand Total: 81 creatures vanquished

Notes
Turn   | Place    | Note
-------+----------+-------------------------------------------
     0 | D:1      | Killerpretzel the Octopode Shapeshifter began the quest for
                  | the Orb.
     0 | D:1      | Reached XP level 1. HP: 13/13 MP: 1/1
   111 | D:1      | Reached XP level 2. HP: 18/18 MP: 2/2
   326 | D:1      | Reached XP level 3. HP: 22/23 MP: 3/3
   623 | D:2      | You fall into a shaft and drop 2 floors!
   757 | D:4      | Found a glowing drain.
   786 | Sewer    | Entered a sewer
   802 | Sewer    | Reached XP level 4. HP: 25/29 MP: 4/4
  1105 | Sewer    | Noticed a brain worm
  1110 | Sewer    | Killed a brain worm
  1111 | Sewer    | Reached XP level 5. HP: 35/35 MP: 5/5
  1282 | D:4      | Found a staircase to the Ecumenical Temple.
  1291 | Temple   | Entered the Ecumenical Temple
  1447 | D:4      | Reached XP level 6. HP: 6/41 MP: 6/6
  1630 | D:4      | Noticed a black bear
  1637 | D:4      | Killed a black bear
  1728 | D:4      | Found a white marble altar of Elyvilon.
  2250 | D:5      | Entered Level 5 of the Dungeon
  2317 | D:6      | Mangled by a gnoll bouda

Illustrated notes

Levels and vault maps discovered:
D:1:      dpeg_arrival_rooms_c, layout_basic
D:2:      layout_loops_ring
D:4:      layout_basic, nicolae_elyvilon_peaceful_grove, temple_pool_b,
          gup_sewer_entry_pipe
D:5:      layout_rooms, nicolae_sextant, sword_in_stone
D:6:      layout_loops_ring, nicolae_overflow_hidden_temple, uniq_menkaure,
          uniq_grinder, uniq_prince_ribbit1
Temple:   hellmonk_temple_two_chambers

Skill      XL: |  1  2  3  4  5  6 |
---------------+-------------------+-----
Fighting       | 2 3 |  3.0
Shapeshifting  | 4 |  4.9
Dodging        | 3 |  3.5
Unarmed Combat | 4 |  4.2

Action                     |  1- 3 |  4- 6 || total
---------------------------+-------+-------++-------
  Melee: Unarmed           |    70 |   104 ||   174
         Constrict         |    21 |    36 ||    57
         Tentacles         |    13 |    23 ||    36
         Punch             |     1 |     4 ||     5
    Use: Scroll            |     4 |     5 ||     9
   Stab: Sleeping          |     3 |     7 ||    10
 Armour: Skin              |    24 |    50 ||    74
  Dodge: Dodged            |    34 |    70 ||   104
